 Dungeon Crawl Stone Soup version 0.21-a0-153-g78480df (webtiles) character file.

412 4thArraOfDagon the Skirmisher (level 6, -14/56 HPs)
             Began as a Gnoll Wanderer on Aug 1, 2017.
             Was an Initiate of Okawaru.
             Demolished by an ogre
             ... wielding a +0 giant club
              (15 damage)
             ... on level 8 of the Dungeon.
             The game lasted 00:10:50 (3982 turns).

4thArraOfDagon the Skirmisher (Gnoll Wanderer)      Turns: 3982, Time: 00:10:51

Health: -14/56     AC: 11    Str:  7    XL:     6   Next: 90%
Magic:  8/10       EV:  4    Int:  7    God:    Okawaru [......]
Gold:   249        SH:  0    Dex:  7    Spells: 11/11 levels left

rFire    . . .     SeeInvis .   c - +1 mace
rCold    . . .     Gourm    .   (no shield)
rNeg     . . .     Faith    .   f - +0 chain mail
rPois    .         Spirit   .   (no helmet)
rElec    .         Reflect  .   (no cloak)
rCorr    .         Harm     .   (no gloves)
MR       .....                  (no boots)
Stlth    ..........             (no amulet)
HPRegen  0.18/turn              (no ring)
MPRegen  0.12/turn              (no ring)

@: heroism
A: unchanging attributes, fangs 1, strong nose
a: Renounce Religion


You were on level 8 of the Dungeon.
You worshipped Okawaru.
Okawaru was noncommittal.
You were not hungry.

You visited 1 branch of the dungeon, and saw 8 of its levels.

You collected 249 gold pieces.

Inventory:

Hand Weapons
 c - a +1 mace (weapon)
 e - a +2 vampiric spear
Armour
 b - a +0 ring mail
 f - a +0 chain mail (worn)
 l - a +0 leather armour of fire resistance
Jewellery
 m - an uncursed amulet of inaccuracy
Scrolls
 g - 5 scrolls of remove curse
 h - a scroll of enchant armour {unknown}
 i - 3 scrolls of blinking
 j - 2 scrolls of fog
 n - 2 scrolls of random uselessness {unknown}
 r - a scroll of enchant weapon
 t - a scroll of teleportation {unknown}
Potions
 q - a potion of haste
 s - a potion of magic
 v - a potion of mutation {unknown}
Books
 a - a book of Minor Magic

   Spells                             Type                      Level
   a - Magic Dart                     Conjuration                  1
   b - Blink                          Translocation                2
   c - Call Imp                       Summoning                    2
   d - Slow                           Hexes                        2
   e - Conjure Flame                  Conjuration/Fire             3
   f - Mephitic Cloud                 Conjuration/Poison/Air       3
 p - a book of Changes

   Spells                             Type                      Level
   a - Beastly Appendage              Transmutation                1
   b - Sticks to Snakes               Transmutation                2
   c - Spider Form                    Transmutation/Poison         3
   d - Ice Form                       Ice/Transmutation            4
   e - Blade Hands                    Transmutation                5
Comestibles
 d - 2 bread rations
 k - 2 royal jellies
 o - 2 meat rations


   Skills:
 * Level 7.8(12.8) Fighting
 - Level 1.3(6.3) Maces & Flails
 + Level 4.2(9.2) Armour
 - Level 1.2(6.2) Stealth
   Level 1.3(6.3) Shields
 - Level 3.0 Spellcasting
   Level 1.3 Charms
 + Level 4.0 Invocations


You had 11 spell levels left.
You didn't know any spells.

Dungeon Overview and Level Annotations

Branches:
Dungeon (8/15)
 Temple: D:4-7         Lair: D:8-11

Altars:
Okawaru
Uskayaw

Annotations:
D:6 4thArraOfDagon's ghost, novice GnWn


Innate Abilities, Weirdness & Mutations

Your physical attributes are unchanging.
You have very sharp teeth.
Your uncanny sense of smell can sniff out nearby items.


Message History

Unknown command.
Your chain mail prevents you from hitting the ogre.
The ogre barely misses you.
You sock the ogre!
The ogre is moderately wounded.
The ogre hits you with a giant club!
You hit the ogre.
The ogre is moderately wounded.
Your chain mail prevents you from hitting the ogre.
The ogre is moderately wounded.
The ogre hits you with a giant club!!
* * * LOW HITPOINT WARNING * * *
You hit the ogre. Your bite misses the ogre.
The ogre is moderately wounded.
The ogre hits you with a giant club!
* * * LOW HITPOINT WARNING * * *
You hit the ogre but do no damage.
The ogre is moderately wounded.
The ogre hits you with a giant club!
You die...

#########
#..@OZ..#####
#..####.#...
#..####.#.#
#..#......#
#..#.##.........
#..#.##.#.#####.
#.......#..
####.####### #.#


You could see an ogre and a hound zombie.

Vanquished Creatures
  A sky beast (D:7)
  A centaur (D:1)
  A hound (D:5)
  Natasha (D:2)
  2 worker ants
  A hound zombie (D:7)
  A worker ant zombie (D:8)
  3 adders
  3 oozes
  A worm (D:2)
  A dart slug (D:2)
  A leopard gecko (D:1)
  An orc (D:5)
  9 bats
  4 giant cockroaches
  6 goblins
  10 hobgoblins
  8 jackals
  2 quokkas
  3 ball pythons
  5 frilled lizards
  A giant cockroach zombie (D:5)
  6 kobolds
  10 rats
82 creatures vanquished.

Notes
Turn   | Place    | Note
-------+----------+-------------------------------------------
     0 | D:1      | 4thArraOfDagon the Gnoll Wanderer began the quest for the Orb.
     0 | D:1      | 4thArraOfDagon set off with: a book of Minor Magic, a +0 ring mail, a +0 mace, a bread ration
     0 | D:1      | Reached XP level 1. HP: 19/19 MP: 4/4
   156 | D:1      | Reached XP level 2. HP: 13/26 MP: 6/6
   351 | D:2      | Noticed Natasha
   487 | D:1      | Reached skill level 5 in Fighting
   700 | D:2      | Found an iron altar of Okawaru.
   757 | D:2      | Became a worshipper of Warmaster Okawaru
   781 | D:2      | Reached XP level 3. HP: 33/33 MP: 7/7
   859 | D:2      | Reached skill level 1 in Invocations
  1464 | D:2      | Reached XP level 4. HP: 29/39 MP: 8/8
  1809 | D:4      | Reached skill level 6 in Fighting
  1810 | D:4      | Noticed an ogre
  1834 | D:5      | Entered Level 5 of the Dungeon
  2096 | D:6      | Noticed 4thArraOfDagon's ghost (novice GnWn)
  2166 | D:4      | Noticed a bullfrog
  2417 | D:2      | Killed Natasha
  2417 | D:2      | Reached XP level 5. HP: 44/46 MP: 9/9
  2700 | D:1      | Noticed a centaur
  2722 | D:1      | Killed a centaur
  3040 | D:4      | Reached * piety under Okawaru
  3040 | D:4      | Reached skill level 7 in Fighting
  3181 | D:5      | Reached XP level 6. HP: 30/55 MP: 8/10
  3473 | D:6      | Found a hide-covered altar of Uskayaw.
  3582 | D:7      | Noticed a sky beast
  3656 | D:7      | Killed a sky beast
  3701 | D:8      | Noticed an orc warrior
  3981 | D:8      | HP: 1/56 [ogre/giant club (10)]
  3982 | D:8      | Demolished by an ogre

Vault maps used:
D:1:      dpeg_arrival_rhombi, patterned_corridor
D:2:      okawaru_metal_pillars_1_2, lemuel_coloured_pillars_altar,
          minmay_misc_feat_rows, uniq_natasha
D:4:      grunt_temple_overflow_diamond, first_bread
D:6:      basic_altar, brannock_xom_greatest_gift
D:7:      lemuel_doored_altar, vehumet_statue,
          minmay_temple_entry_statues_fountains, serial_shops,
          nicolae_shop_temple_entry_statues_fountains, grunt_livestock
D:8:      uniq_pikel, uniq_joseph

Skill      XL: |  1  2  3  4  5  6 |
---------------+-------------------+-----
Fighting       | 5 6 7 |  7.8
Armour         | 2 3 4 |  4.2
Invocations    | 1 2 3 4 |  4.0
Maces & Flails | |  1.3
Stealth        | |  1.2
Shields        | |  1.3
Spellcasting   | |  3.0
Charms         | |  1.3

Action                   |  1- 3 |  4- 6 || total
-------------------------+-------+-------++-------
Melee: Mace              |   225 |   308 ||   533
       Bite              |    10 |     8 ||    18
Invok: Heroism           |       |     5 ||     5
  Use: Scroll            |     5 |     6 ||    11
       Potion            |     2 |     5 ||     7
  Eat: Chunk             |     2 |     5 ||     7
       Fruit             |       |     6 ||     6
Armor: Chain mail        |   227 |   344 ||   571
       Ring mail         |     1 |       ||     1
       Skin              |    34 |       ||    34
Dodge: Dodged            |    33 |    48 ||    81
